 Dungeon Crawl Stone Soup version 0.28.0-49-g6dfe1f597d (webtiles) character file.

Game seed: 11298278636856286670

1085 Zeld the Digger (level 8, 0/48 HPs)
             Began as a Gargoyle Earth Elementalist on May 15, 2022.
             Slain by a killer bee (4 damage)
             ... on level 5 of the Dungeon.
             The game lasted 00:08:44 (7143 turns).

Zeld the Digger (Gargoyle Earth Elementalist)       Turns: 7143, Time: 00:08:45

Health: 0/48       AC:  7    Str: 12    XL:     8   Next: 30%
Magic:  2/14       EV: 12    Int: 18    God:
Gold:   217        SH:  0    Dex: 10    Spells: 9/15 levels left

rFire   . . .      SeeInvis .   c - +0 short sword (venom)
rCold   . . .      Faith    .   (no shield)
rNeg    + . .      Spirit   .   b - +0 robe
rPois   ∞          Reflect  .   (no helmet)
rElec   +          Harm     .   (no cloak)
rCorr   .          Rampage  .   (no gloves)
Will    .....                   (no boots)
Stlth   ++........              (no amulet)
HPRegen 0.16/turn               (no ring)
MPRegen 0.14/turn               (no ring)

@: no status effects
A: sickness immunity, AC +5, negative energy resistance 1, electricity
resistance, torment resistance 1, petrification resistance
a: no special abilities


You were on level 5 of the Dungeon.
You visited 1 branch of the dungeon, and saw 5 of its levels.

You collected 217 gold pieces.

Inventory:

Hand Weapons
 c - a +0 short sword of venom (weapon)
Armour
 b - a +0 robe (worn)
Scrolls
 h - a scroll of fear {unknown}
 i - a scroll of blinking {unknown}
 l - a scroll of teleportation {unknown}
 m - a scroll of torment {unknown}
 o - 3 scrolls of identify {unknown}
 p - a scroll of vulnerability {unknown}
 q - a scroll of fog {unknown}
 r - a scroll of summoning {unknown}
Potions
 a - 4 potions of might {unknown}
 d - a potion of degeneration {unknown}
 e - a potion of berserk rage {unknown}
 f - 2 potions of heal wounds {unknown}
 g - 2 potions of curing
 j - a potion of haste {unknown}
 k - 2 potions of mutation {unknown}
 n - a potion of resistance {unknown}
 s - a potion of lignification {unknown}


   Skills:
 * Level 4.5 Fighting
 * Level 4.2 Armour
 + Level 2.9 Dodging
 + Level 4.1 Stealth
 * Level 4.1 Spellcasting
 - Level 1.0 Transmutations
 * Level 6.2 Earth Magic


You had 9 spell levels left.
You knew the following spells:

 Your Spells              Type           Power      Damage    Failure   Level
a - Sandblast             Erth           52%        2d12      1%          1
b - Passwall              Tmut/Erth      13%        N/A       4%          2
c - Stone Arrow           Conj/Erth      28%        3d8       12%         3

Your spell library contained the following spells:

 Spells                   Type           Power      Damage    Failure   Level
 Petrify                  Tmut/Erth      16%        N/A       32%         4
 Ignite Poison            Fire/Tmut/Pois 4%         N/A       36%         3
 Conjure Flame            Conj/Fire      3%         6-21      41%         3
 Gell's Gravitas          Tloc           3%         N/A       41%         3
 Lesser Beckoning         Tloc           3%         N/A       41%         3
 Teleport Other           Tloc           3%         N/A       41%         3
 Sticky Flame             Conj/Fire      3%         2d3       82%         4


Dungeon Overview and Level Annotations

Branches:
Dungeon (5/15)
 Temple: D:4-7

Altars:
Dithmenos

Shops:
D:2 (

Annotations:
D:4 1 runed translucent door, pkoi's ghost, amateur DgGl
D:5 2 runed translucent doors, Dowan; Duvessa; Modestlyawesome's ghost, novice DsGl


Innate Abilities, Weirdness & Mutations

You are immune to sickness and miasma.
Your stone body is resilient. (AC +5)
You are immune to poison.
You resist negative energy. (rN+)
You are resistant to electric shocks. (rElec)
You are resistant to unholy torment.
You are immune to petrification.


Message History

Your Stealth skill increases to level 4!
You barely miss the killer bee. The killer bee closely misses you. x2
You miss the killer bee.
The killer bee stings you but does no damage.
The killer bee misses you.
The gnoll shouts!
You hit the killer bee.
The killer bee is poisoned.
The killer bee is moderately wounded.
You hear a shout! x2
The killer bee closely misses you. The killer bee barely misses you.
The killer bee stings you.
You hear an angry hiss.
The gnoll shouts!
The killer bee closely misses you. The gnoll closely misses you.
You kill the killer bee!
You hit the killer bee but do no damage.
The killer bee is poisoned.
The killer bee is severely wounded.
The killer bee barely misses you. x2; The gnoll misses you.
The killer bee closely misses you. The killer bee closely misses you.
You kill the killer bee!
The killer bee stings you.
* * * LOW HITPOINT WARNING * * *
Casting: Stone Arrow (dangerous; 12% risk of failure)
Confirm with . or Enter, or press ? or * to list all spells.
Aiming: Stone Arrow (dangerous; 12% risk of failure)
Press: ? - help, Shift-Dir - straight line, f - killer bee
Aim: a killer bee (39% to hit)
The stone arrow hits the killer bee!
The killer bee is heavily wounded.
The killer bee stings you.
* * * LOW HITPOINT WARNING * * *
The killer bee stings you.
* * * LOW HITPOINT WARNING * * *
The killer bee barely misses you.
The killer bee stings you but does no damage.
The killer bee stings you.
You die... ######.≈## #....(.≈≈# .###### #...####.# #.#...... #........# #........ ####)###.### #........ ..)....#..# #......... ####.####o# #......... #.# ≈oe

####........ ..# ≈.g.≈
#..@.....>#
#.#≈..♣..≈#.##y.....# #.'..♣
♣..' #......# #.#≈.. ..≈#
#g.....# ..#≈≈...≈≈# #g.....#
≈≈.≈ #.####.##########
#####'# #†# #...........
#......######.###############
#.....†.y..†...g...


You could see a killer bee and 2 gnolls.

Vanquished Creatures
  Grinder (D:5)
  A phantom (D:4)
  5 killer bees (D:5)
  A howler monkey (D:4)
  3 hounds
  2 orc priests
  A bullfrog skeleton (D:4)
  A gnoll shaman (D:3)
  2 iguanas
  A scorpion zombie (D:5)
  2 orc wizards
  8 gnolls
  5 adders
  A worm (D:2)
  4 dart slugs
  16 orcs
  5 ball pythons
  5 endoplasms
  A giant cockroach (D:3)
  9 goblins
  9 hobgoblins
  3 jackals (D:2)
  2 quokkas
  2 bats
  4 frilled lizards
  4 kobolds
  4 rats
102 creatures vanquished.

Notes
Turn   | Place    | Note
-------+----------+-------------------------------------------
     0 | D:1      | Zeld the Gargoyle Earth Elementalist began the quest for
                  | the Orb.
     0 | D:1      | Reached XP level 1. HP: 10/10 MP: 3/3
   322 | D:1      | Reached XP level 2. HP: 16/16 MP: 3/5
   409 | D:1      | Learned a level 2 spell: Passwall
   493 | D:1      | Found a faded altar of an unknown god.
   726 | D:2      | Reached skill level 1 in Fighting
   890 | D:2      | Reached XP level 3. HP: 15/20 MP: 1/6
   911 | D:2      | Reached skill level 1 in Armour
   916 | D:2      | Learned a level 3 spell: Stone Arrow
  1054 | D:2      | Reached skill level 4 in Earth Magic
  1198 | D:2      | Reached skill level 1 in Transmutations
  1344 | D:2      | Found Tiawus's Weapon Shop.
  1658 | D:2      | Reached XP level 4. HP: 13/26 MP: 0/7
  3156 | D:4      | Reached XP level 5. HP: 3/30 MP: 1/8
  3905 | D:4      | Reached XP level 6. HP: 35/36 MP: 10/10
  4704 | D:4      | Reached skill level 5 in Earth Magic
  4890 | D:4      | Found a runed translucent door.
  4945 | D:5      | Entered Level 5 of the Dungeon
  4979 | D:4      | Reached XP level 7. HP: 22/41 MP: 9/11
  5143 | D:4      | Found a shadowy altar of Dithmenos.
  5997 | D:4      | Noticed pkoi's ghost (amateur DgGl)
  6225 | D:5      | Found a large runed translucent door.
  6227 | D:5      | Found a large runed translucent door.
  6230 | D:5      | Noticed Modestlyawesome's ghost (novice DsGl)
  6246 | D:5      | Noticed Grinder
  6254 | D:5      | Paralysed by Grinder for 6 turns
  6294 | D:5      | Killed Grinder
  6705 | D:5      | Noticed Duvessa
  6705 | D:5      | Noticed Dowan
  7007 | D:5      | Reached XP level 8. HP: 34/48 MP: 13/13
  7014 | D:5      | Reached skill level 6 in Earth Magic
  7143 | D:5      | Slain by a killer bee

Illustrated notes

Levels and vault maps discovered:
D:1:      sevenhm_arrival_forest_fort_small_3, layout_rooms,
          hellmonk_ecumenical_altar_heavens_door, minmay_misc_feat_rows
D:2:      layout_basic, serial_shops, nicolae_shop_bloodbath_and_beyond,
          grunt_ministairs_6, minivault_26, serial_park_tiny_2,
          minmay_goblin_kobold_house
D:3:      layout_basic, nicolae_figureground_sparkle
D:4:      layout_basic, mainiacjoe_overflow_six_doors_small,
          ebering_ghost_reflecting_pool
D:5:      layout_basic, lightli_temple_of_fire, ebering_ghost_disaster_area,
          corexii_checkpoint_a, kennysheep_generic_room_8, uniq_duvessa,
          uniq_crazy_yiuf_cottage, uniq_grinder

Skill      XL: |  1  2  3  4  5  6  7  8 |
---------------+-------------------------+-----
Fighting       | 1 2 3 4 |  4.5
Armour         | 1 2 3 4 |  4.2
Earth Magic    | 4 5 6 |  6.2
Transmutations | 1 |  1.0
Dodging        | 2 |  2.9
Stealth        | 3 4 |  4.1
Spellcasting   | 3 4 |  4.1

Action                   |  1- 3 |  4- 6 |  7- 9 || total
-------------------------+-------+-------+-------++-------
Melee: Unarmed           |    41 |    25 |       ||    66
       Short sword       |       |    95 |   105 ||   200
       Mace              |       |    24 |       ||    24
       Punch             |       |     1 |     2 ||     3
 Cast: Sandblast         |    48 |    42 |     8 ||    98
       Stone Arrow       |       |       |    16 ||    16
 Stab: Sleeping          |       |     2 |       ||     2
Armor: Robe              |    22 |    58 |    47 ||   127
Dodge: Dodged            |    48 |   118 |    79 ||   245
